 Dungeon Crawl Stone Soup version 0.25.1-8-g42b30a86e7 (webtiles) character file.

Game seed: 16011383846235997877

84 hehateme the Skirmisher (level 4, -17/41 HPs)
             Began as a Hill Orc Fighter on Dec 12, 2020.
             Demolished by an orc warrior
             ... wielding a +0 glaive
              (19 damage)
             ... on level 3 of the Dungeon.
             The game lasted 00:23:06 (3542 turns).

hehateme the Skirmisher (Hill Orc Fighter)          Turns: 3542, Time: 00:23:07

Health: -17/41     AC:  8    Str: 19    XL:     4   Next: 46%
Magic:  4/4        EV:  7    Int:  8    God:
Gold:   35         SH:  9    Dex: 10    Spells: 3/3 levels left

rFire    . . .     SeeInvis .   a - +0 war axe
rCold    . . .     Gourm    .   c - +0 kite shield
rNeg     . . .     Faith    .   b - +0 scale mail
rPois    .         Spirit   .   (no helmet)
rElec    .         Reflect  .   (no cloak)
rCorr    .         Harm     .   (no gloves)
MR       .....                  f - +0 pair of boots (curse)
Stlth    ..........             (no amulet)
HPRegen  0.13/turn              (no ring)
MPRegen  0.09/turn              (no ring)

@: no status effects
A: no striking features
a: no special abilities


You were on level 3 of the Dungeon.
You were not hungry.

You visited 1 branch of the dungeon, and saw 3 of its levels.

You collected 35 gold pieces.

Inventory:

Hand Weapons
 a - a +0 war axe (weapon)
Missiles
 i - 32 stones (quivered)
 l - 16 poisoned darts
 r - 21 sling bullets
 Q - 20 bolts
Armour
 b - a +0 scale mail (worn)
 c - a +0 kite shield (worn)
 f - a cursed +0 pair of boots (worn)
Scrolls
 g - 4 scrolls of blinking {unknown}
 h - a scroll of amnesia {unknown}
 j - a scroll of teleportation {unknown}
 n - 2 scrolls of magic mapping {unknown}
 o - 3 scrolls of remove curse {unknown}
 p - a scroll of random uselessness {unknown}
Potions
 m - a potion of resistance {unknown}
 s - 2 potions of lignification {unknown}
Comestibles
 e - 6 rations


   Skills:
 + Level 4.6 Fighting
 - Level 4.2 Axes
 - Level 3.2 Armour
 * Level 4.2 Shields


You had 3 spell levels left.
You didn't know any spells.
Your spell library was empty.

Dungeon Overview and Level Annotations

Branches:
Dungeon (3/15)

Altars:

Annotations:
D:3 Jessica


Message History

Done waiting.
You start waiting.
Done waiting.
Unknown command.
An orc warrior comes into view. It is wielding a +0 glaive.
The orc warrior hits you from afar with a +0 glaive!
You take 17 damage, and have 24/41 hp.
GAME OVER YEAH!!
You feel very mighty all of a sudden.
The orc warrior hits you with a +0 glaive!!
Ouch! That really hurt!
* * * LOW HITPOINT WARNING * * *
You take 22 damage, and have 2/41 hp.
GAME OVER YEAH!!
It was a potion of cancellation.
Your magical effects are unravelling.
You feel magically purged.
You feel a little less mighty now.
The orc warrior hits you with a +0 glaive!!
You die...

###..#### #. #.##
## #.# ########
#.# ##.......
#.####......##
#####...........##
#......###........
#.####.# ##...####
#@# #.# ##.## #
#....o..#.#
#......
####.##.#.#
####### #.# #.#
#.. ..# ### ###

Skill      XL: |  1  2  3  4 |
---------------+-------------+-----
Axes           | 3 4 |  4.2
Fighting       | 4 |  4.6
Shields        | 4 |  4.2
Armour         | |  3.2

Notes
Turn   | Place    | Note
-------+----------+-------------------------------------------
     0 | D:1      | hehateme the Hill Orc Fighter began the quest for the Orb.
     0 | D:1      | Reached XP level 1. HP: 19/19 MP: 1/1
    79 | D:1      | Reached skill level 3 in Axes
   252 | D:1      | Reached XP level 2. HP: 10/27 MP: 2/2
   487 | D:1      | Reached skill level 4 in Fighting
   669 | D:1      | Reached skill level 4 in Axes
   714 | D:1      | Reached XP level 3. HP: 33/33 MP: 3/3
  2593 | D:2      | Reached XP level 4. HP: 41/41 MP: 4/4
  2688 | D:2      | Reached skill level 4 in Shields
  3304 | D:3      | Noticed Jessica
  3539 | D:3      | Noticed an orc warrior
  3541 | D:3      | HP: 2/41 [orc warrior/+0 glaive (22)]
  3542 | D:3      | Demolished by an orc warrior

Table legend:
 A = Turns spent in this place as a percentage of turns spent in the entire game.
 B = Non-inter-level travel turns spent in this place as a percentage of non-inter-level travel turns spent in the entire game.
 C = Inter-level travel turns spent in this place as a percentage of turns spent in this place.
 D = Turns resting spent in this place as a percentage of non-inter-level travel turns spent in this place.
 E = Turns spent auto-exploring this place as a percentage of non-inter-level travel turns spent in this place.
 F = Non-inter-level travel turns spent in this place divided by the number of levels of this place that you've seen.
                   A       B       C       D       E      F
               +-------+-------+-------+-------+-------+----------------------
         Total | 100.0 | 100.0 |   8.1 |  33.6 |  27.0 | 1084.7
       Dungeon | 100.0 | 100.0 |   8.1 |  33.6 |  27.0 | 1084.7
               +-------+-------+-------+-------+-------+----------------------

Table legend:
 A = Kills in this place as a percentage of kills in entire the game.
 B = Kills by you in this place as a percentage of kills by you in the entire game.
 C = Kills by friends in this place as a percentage of kills by friends in the entire game.
 D = Other kills in this place as a percentage of other kills in the entire game.
 E = Experience gained in this place as a percentage of experience gained in the entire game.
 F = Experience gained in this place divided by the number of levels of this place that you have seen.
                   A       B       C       D       E      F
               +-------+-------+-------+-------+-------+----------------------
         Total | 100.0 | 100.0 |   N/A |   N/A | 100.0 |  40.3
       Dungeon | 100.0 | 100.0 |   N/A |   N/A | 100.0 |  40.3
               +-------+-------+-------+-------+-------+----------------------

Action                   |  1- 3 |  4- 6 || total
-------------------------+-------+-------++-------
Melee: War axe           |   124 |    25 ||   149
Throw: Stone             |    59 |    13 ||    72
  Use: Potion            |       |     2 ||     2
  Eat: Ration            |     2 |       ||     2
       Chunk             |       |     2 ||     2
Armor: Scale mail        |    68 |     8 ||    76
Dodge: Dodged            |    38 |     5 ||    43
Block: Kite shield       |    76 |    11 ||    87

Vanquished Creatures
  3 adders
  A worm (D:3)
  2 dart slugs
  2 leopard geckos
  An orc (D:3)
  6 bats
  10 hobgoblins
  5 kobolds
  A quokka (D:3)
  2 frilled lizards (D:1)
  6 goblins
  8 rats
47 creatures vanquished. You could see an orc warrior.

Levels and vault maps discovered:
D:1:      nagdon_arrival_double_spiral, layout_rooms
D:2:      layout_loops_corners, serial_glass, glass_columns_b, glass_columns_b,
          glass_columns_a, glass_columns_c, glass_columns_a, glass_columns_b,
          glass_columns_b, glass_columns_a, glass_columns_b, glass_columns_b,
          minmay_vboxes
D:3:      minmay_chambers_of_threes, layout_loops_cross, ebering_ghost_sewer_d,
          supply_closet_lemuel, uniq_natasha, uniq_jessica
